Frizzbo, neutral female human Wizard ---- |..| --..-- --....-- --- --..<...| ----- --.| ---....)..----...|----..| |...............--|....-- --....`..........---....| --.....................--- |..........-.|...|.....| ---.....--...|---#--.-#- ------...---.--- ---# |..---...||..| # .- |........||..| # ## .## --........----- ###### ...| |..........---- `# --.....| |....----.....------ @|%... --.--- |......|.|.-----------G.- --- ---.......).......**....| ----------------------- Frizzbo the Conjurer Experience level: 4 Strength: 10 Dexterity: 9 Constitution: 14 Intelligence: 19 Wisdom: 19 Charisma: 7 Health: 0(31) Energy: 47(47) Def: 4 Gold: 108 Moves: 2850 Dungeon seed: YA4NjEE9q98Sc0tM Game ID: Frizzbo_1465756696 Your Inventory: Coins $ - 108 gold pieces Weapons a - a blessed +1 quarterstaff p - a -3 orcish dagger A - a +0 elven dagger (weapon in hand) Armor e - an uncursed +0 cloak of magic resistance (being worn) q - an uncursed +0 orcish helm (being worn) Y - an uncursed +0 pair of iron shoes (being worn) Comestibles F - an uncursed lichen corpse J - an uncursed partly eaten lichen corpse Scrolls k - an uncursed scroll of water Wands d - a wand of nothing (0:8) (alternate weapon; not wielded) f - a wand of sleep (0:3) l - a wand of teleportation (0:6) r - a wand of sleep (0:5) x - a wand of teleportation (0:7) Tools g - an uncursed mirror u - 3 uncursed wax candles (0:400) E - a +0 pick-axe Gems n - 18 uncursed rocks y - 2 uncursed jasper stones z - an uncursed jet stone I - an uncursed garnet stone N - an uncursed worthless piece of red glass Spells and supernatural/magical abilities: Name Level Category Fail Memory a - force bolt 1 attack 3% 86% c - cause fear 3 enchantment 17% 86% W - pray for help -- divine ? -- Your skills at the end: Miscellaneous Skills wands [Basic] Weapon Skills quarterstaff [Basic] Spellcasting Skills attack spells [Basic] enchantment spells [Basic] Final Attributes: You were devoutly aligned. You were magic-protected. You are dead. Vanquished creatures: a shrieker a gnome lord a gnomish wizard a dwarf a coyote 2 hobbits an acid blob 2 geckos 2 giant rats 8 gnomes 3 jackals a fox 2 kobolds 10 newts 4 goblins 3 sewer rats 8 grid bugs 3 lichens a kobold zombie 55 creatures vanquished. Voluntary challenges: You did not adorn yourself with jewelry or accessories. You used a wielded weapon 84 times, starting on turn 115. You did not apply a unicorn horn. You read items or engraved 8 times, starting on turn 6. You never genocided any monsters. You never polymorphed an object. You never changed form. You used no wishes. You never split a pudding. You wrote Elbereth's name 1 time, starting on turn 6. You never violated your personal moral code. Dungeon overview: The Dungeons of Doom: levels 1 to 2 Level 1 a fountain a long staircase Level 2 an altar to Thoth, many fountains stairs to The Gnomish Mines The Gnomish Mines: Level 3 <- You were here stairs to The Dungeons of Doom History has recorded: On T:1 you entered the Dungeons of Doom to retrieve the Amulet of Yendor! On T:607 you reached level 2 of The Dungeons of Doom. On T:610 you advanced to experience level 2. On T:944 you advanced to experience level 3. On T:1221 you reached level 1 of The Gnomish Mines. On T:2479 you advanced to experience level 4. Score breakdown: Gold: 108 ( 10 points) Experience: 4 levels ( 300 points) Exploration: 3 levels ( 60 points) Discoveries: 1 item ( 50 points) Variety of kills: 19 monsters ( 950 points) Major goal: (nothing yet) ( 0 points) Survival: died (score multiplied by 3) Total score: 4110 Latest messages: You resume your meal. You finish eating the gnome corpse. F - an uncursed lichen corpse. I - a red gem. You see here a pair of old gloves. The gnome lord punches you! You miss the gnome lord. You stab the goblin. The gnome lord punches you! You kill the goblin! The gnome lord punches you! There are a few objects here. This lichen corpse tastes terrible! The gnome lord picks up a pair of old gloves. The gnome lord puts on a pair of old gloves. You stop eating. You stab the gnome lord. The gnome lord punches you! You die... Final status: Goodbye Frizzbo the Wizard, killed by a gnome lord... You died in The Gnomish Mines on dungeon level 3 with 4110 points, and 108 pieces of gold, after 2850 moves. You were level 4 with a maximum of 31 hit points when you died.